 Dungeon Crawl Stone Soup version 0.26-a0-1139-g7d2dc893a1 (webtiles) character file.

Game seed: 141075947532161389

719 tilp the Changer (level 7, 0/45 HPs)
             Began as an Octopode Transmuter on Dec 21, 2020.
             Was an Initiate of Nemelex Xobeh.
             Slain by a bullfrog zombie (1 damage)
             ... on level 6 of the Dungeon.
             The game lasted 00:10:59 (7340 turns).

tilp the Changer (Octopode Transmuter)              Turns: 7340, Time: 00:10:59

Health: 0/45       AC:  1    Str: 10    XL:     7   Next: 70%
Magic:  13/13      EV: 13    Int: 17    God:    Nemelex Xobeh [......]
Gold:   363        SH:  0    Dex: 12    Spells: 8/14 levels left

rFire    . . .     SeeInvis .     - Unarmed
rCold    . . .     Faith    .   (no shield)
rNeg     . . .     Spirit   .   (helmet currently unavailable)
rPois    .         Reflect  .   e - amulet of magic regeneration
rElec    .         Harm     .   (no ring)
rCorr    .         Rampage  .   (no ring)
Will     .....                  (no ring)
Stlth    +++.......             (no ring)
HPRegen  0.15/turn              (no ring)
MPRegen  0.38/turn              (no ring)
                                (no ring)
                                (no ring)

@: appendages
A: almost no armour, stealthy swim, amphibious, 8 rings, constrict 8, tentacle
spike 3, camouflage 1, gelatinous body 1
a: End Transformation, Renounce Religion, Draw Escape, Draw Destruction, Draw
Summoning


You were on level 6 of the Dungeon.
You worshipped Nemelex Xobeh.
Nemelex Xobeh was noncommittal.
One of your tentacles had a temporary spike.
You visited 2 branches of the dungeon, and saw 7 of its levels.
You also visited: Ossuary.

You collected 363 gold pieces.

Inventory:

Missiles
 b - 128 stones
 i - 11 curare-tipped darts
 j - 14 poisoned darts (quivered)
 k - 3 boomerangs
Jewellery
 e - an amulet of magic regeneration (around mantle)
Scrolls
 c - 3 scrolls of immolation
 g - 4 scrolls of teleportation
 h - 3 scrolls of remove curse
 m - a scroll of blinking
 p - a scroll of enchant armour
Potions
 a - 6 potions of curing
 d - a potion of attraction
 f - 3 potions of brilliance
 n - 3 potions of resistance
 o - a potion of lignification {unknown}
 r - a potion of heal wounds


   Skills:
 - Level 2.0 Fighting
 - Level 2.0 Dodging
 - Level 4.0 Stealth
 - Level 4.0 Unarmed Combat
 - Level 4.0 Spellcasting
 + Level 5.7 Transmutations
 - Level 2.0 Poison Magic


You had 8 spell levels left.
You knew the following spells:

 Your Spells              Type           Power        Failure   Level
a - Beastly Appendage     Tmut           44%          1%          1
b - Wereblood             Tmut           22%          2%          2
c - Spider Form           Tmut/Pois      8%           10%         3

Your spell library contained the following spells:

 Spells                   Type           Power        Failure   Level
 Blade Hands              Tmut           11%          38%         5
 Ice Form                 Ice/Tmut       13%          43%         4
 Summon Lightning Spire   Summ/Air       3%           83%         4
 Silence                  Hex/Air        1%           99%         5
 Conjure Ball Lightning   Conj/Air       1%           100%        6
 Tornado                  Air            1%           100%        9


Dungeon Overview and Level Annotations

Branches:
Dungeon (6/15)             Temple (1/1) D:5         Ossuary (visited)

Altars:
Cheibriados
Elyvilon
Fedhas
Hepliaklqana
Kikubaaqudgha
Makhleb
Nemelex Xobeh
Okawaru
Qazlal
Ru
Sif Muna
Trog
Uskayaw
Vehumet
Wu Jian
Xom
Yredelemnul
Zin

Shops:
D:4 (


Innate Abilities, Weirdness & Mutations

You cannot wear most types of armour.
You are very stealthy in the water. (Stealth+)
You are amphibious.
You can wear up to eight rings at the same time.
You can use your tentacles to constrict eight enemies at once.
Your skin changes colour to match your surroundings (Stealth+).
Your rubbery body absorbs attacks. (AC +1, EV +1)
One of your tentacles bears a large vicious spike.


Message History

You tentacle-slap the centaur. You squeeze the centaur.
The centaur is severely wounded.
The centaur closely misses you. The centaur hits you.
* * * LOW HITPOINT WARNING * * *
You completely miss the centaur.
The centaur is heavily wounded.
The bullfrog zombie barely misses you. The centaur hits you!
* * * LOW HITPOINT WARNING * * *
You closely miss the centaur.
Your tentacle spike misses the centaur.
You squeeze the centaur!
The centaur is almost dead.
The centaur closely misses you. The bullfrog zombie hits you.
* * * LOW HITPOINT WARNING * * *
The centaur hits you.
* * * LOW HITPOINT WARNING * * *
The centaur hits you.
* * * LOW HITPOINT WARNING * * *
The bullfrog zombie hits you.
You die...
Your body disappears without a glow.

...##....
..W.....<. .
......... .. ##.
..... .# #..##...
.# #.....# .# ..
#....c##..#...
...###....Z@.......
...........##...##
$.#....##..# ..#
..... ###..##....#
. . #....
#...###### .. #....
#..####### ...
..#....
##.#..........
..... ##
##.....###... ##...
.#..#.....##...#
#....


You could see a phantom, a centaur and a bullfrog zombie.

Vanquished Creatures
  2 ogres (D:4)
  A centaur zombie (Ossuary)
  A jelly (D:5)
  2 orc priests (D:5)
  2 iguanas (D:5)
  4 worker ants
  An orc wizard (D:5)
  A big kobold zombie (Ossuary)
  2 mummies (Ossuary)
  8 adders
  A shadow imp (D:5)
  An ooze (D:1)
  An adder zombie (Ossuary)
  4 worms
  3 dart slugs
  4 leopard geckos
  10 orcs
  6 bats
  A giant cockroach (D:1)
  5 goblins
  6 hobgoblins
  8 jackals
  2 quokkas (D:5)
  3 ball pythons
  4 frilled lizards
  A goblin zombie (Ossuary)
  13 hobgoblin zombies (Ossuary)
  A jackal skeleton (D:5)
  3 jackal zombies (Ossuary)
  7 kobolds
  9 kobold zombies (Ossuary)
  6 orc zombies (Ossuary)
  A quokka zombie (D:5)
  6 rats
  2 rat zombies (Ossuary)
132 creatures vanquished.

Vanquished Creatures (others)
  A plant (D:4)
1 creature vanquished.

Grand Total: 133 creatures vanquished

Notes
Turn   | Place    | Note
-------+----------+-------------------------------------------
     0 | D:1      | tilp the Octopode Transmuter began the quest for the Orb.
     0 | D:1      | Reached XP level 1. HP: 13/13 MP: 3/3
   421 | D:1      | Reached skill level 1 in Stealth
   451 | D:1      | Reached XP level 2. HP: 18/18 MP: 3/5
   455 | D:1      | Learned a level 2 spell: Wereblood
   746 | D:1      | Reached XP level 3. HP: 21/24 MP: 3/6
   750 | D:1      | Learned a level 3 spell: Spider Form
  1778 | D:2      | Reached XP level 4. HP: 20/29 MP: 3/7
  2441 | D:2      | Found a bloodstained altar of Trog.
  3335 | D:4      | Found Faprosk's Antique Weapon Emporium.
  3491 | D:4      | Reached skill level 1 in Poison Magic
  3491 | D:4      | Reached XP level 5. HP: 34/34 MP: 6/8
  3511 | D:4      | Found a sand-covered staircase.
  3520 | Ossuary  | Entered an ossuary
  4897 | Ossuary  | Reached skill level 3 in Transmutations
  4897 | Ossuary  | Reached XP level 6. HP: 39/39 MP: 10/10
  5418 | D:4      | Reached skill level 4 in Transmutations
  5418 | D:4      | Reached XP level 7. HP: 45/45 MP: 12/12
  5589 | D:5      | Entered Level 5 of the Dungeon
  5925 | D:5      | Found a hazy altar of Hepliaklqana.
  5997 | D:5      | Found a staircase to the Ecumenical Temple.
  6024 | Temple   | Entered the Ecumenical Temple
  6150 | Temple   | Became a worshipper of Nemelex Xobeh the Trickster
  6231 | D:5      | HP: 2/45 [orc/+0 short sword (3)]
  6430 | D:5      | Found a white marble altar of Elyvilon.
  6553 | D:5      | Reached skill level 5 in Transmutations
  7340 | D:6      | HP: 1/45 [centaur (4)]
  7340 | D:6      | Slain by a bullfrog zombie

Illustrated notes

Levels and vault maps discovered:
D:1:      dpeg_arrival_water_fire, layout_basic
D:2:      layout_basic, lightli_temple_of_fire
D:3:      layout_rooms
D:4:      layout_rooms, nicolae_ossuary_entry_monument, serial_shops, shop,
          serial_forest, infiniplex_forest_straight_3,
          infiniplex_forest_clump_double, infiniplex_forest_clump_diagonal,
          infiniplex_forest_side_room, infiniplex_forest_lined_1,
          infiniplex_forest_lined_2
D:5:      layout_loops_cross, general_overflow_altar,
          minmay_temple_entry_mini_moons, serial_bayou_pond_e, elyvilon_altar_4
D:6:      kennysheep_kobold_camp, layout_cave_pools, portal_sewer_entry_b,
          hangedman_glass_teeth, kennysheep_windowed_goal
Temple:   compressed_dpeg_circular_temple

Skill      XL: |  1  2  3  4  5  6  7 |
---------------+----------------------+-----
Stealth        | 1 3 4 |  4.0
Fighting       | 2 |  2.0
Unarmed Combat | 4 |  4.0
Poison Magic   | 1 2 |  2.0
Transmutations | 3 4 5 |  5.7
Spellcasting   | 3 4 |  4.0
Dodging        | |  2.0

Action                   |  1- 3 |  4- 6 |  7- 9 || total
-------------------------+-------+-------+-------++-------
Melee: Unarmed           |    89 |   148 |    86 ||   323
       Kick              |    14 |    37 |    26 ||    77
       Constrict         |    23 |    55 |    21 ||    99
       Tentacles         |    15 |    23 |    16 ||    54
       Punch             |     2 |     4 |     2 ||     8
Throw: Dart              |       |    21 |    26 ||    47
       Stone             |       |     2 |       ||     2
 Cast: Beastly Appendage |    14 |    27 |    12 ||    53
       Wereblood         |     3 |    11 |     4 ||    18
  Use: Scroll            |       |    11 |     4 ||    15
       Potion            |       |       |     1 ||     1
 Stab: Sleeping          |     7 |     4 |     2 ||    13
Armor: Skin              |    13 |    10 |     4 ||    27
Dodge: Dodged            |    53 |    62 |    47 ||   162

Table legend: (Time is in decaauts)
 A = Elapsed time spent in this place.
 B = Non-inter-level travel time spent in this place.
 C = Inter-level travel time spent in this place.
 D = Time resting spent in this place.
 E = Time spent auto-exploring this place.
 F = Levels seen in this place.
 G = Mean time per level.
                   A        B        C        D        E       F      G
               +--------+--------+--------+--------+--------+-----+--------+
         Total |   7319 |   6973 |    346 |   2509 |   3372 |   8 |  914.9 |
       Dungeon |   5782 |   5447 |    335 |   1372 |   3225 |   6 |  963.7 |
        Temple |    136 |    125 |     11 |      0 |    124 |   1 |  136.0 |
       Ossuary |   1400 |   1400 |      0 |   1137 |     23 |   1 | 1400.0 |
               +--------+--------+--------+--------+--------+-----+--------+

Top non-repeatable levels by time:
     D:5: 1446 daAuts
 Ossuary: 1400 daAuts
     D:1: 1386 daAuts
     D:2: 1372 daAuts
     D:4: 866 daAuts
     D:3: 550 daAuts
     D:6: 161 daAuts
  Temple: 136 daAuts
